 Dungeon Crawl Stone Soup version 0.29.1-2-gbd0b4ee654 (webtiles) character file.

Game seed: 17693421608619197124

2 qeuew the Ruffian (level 1, 0/18 HPs)
             Began as a Naga Transmuter on Nov 4, 2022.
             Slain by a frilled lizard (1 damage)
             ... on level 1 of the Dungeon.
             The game lasted 00:00:38 (165 turns).

qeuew the Ruffian (Naga Transmuter)                  Turns: 165, Time: 00:00:38

Health: 0/18       AC:  1    Str: 12    XL:     1   Next: 30%
Magic:  2/3        EV:  9    Int: 13    God:
Gold:   13         SH:  0    Dex: 11    Spells: 3/4 levels left

rFire   . . .      SeeInvis +     - Unarmed
rCold   . . .      Faith    .   (no shield)
rNeg    . . .      Spirit   .   a - +0 robe
rPois   +          Reflect  .   (no helmet)
rElec   .          Harm     .   (no cloak)
rCorr   .          Rampage  .   (no gloves)
Will    .....                   (no barding)
Stlth   +.........              (no amulet)
HPRegen 0.06/turn               (no ring)
MPRegen 0.08/turn               (no ring)

@: very slow
A: AC +0, large, see invisible, deformed body, poison resistance, slowness 2,
spit poison 1, naga tail 1
a: Spit Poison


You were on level 1 of the Dungeon.
You visited 1 branch of the dungeon, and saw 1 of its levels.

You collected 13 gold pieces.

Inventory:

Armour
 a - a +0 robe (worn)
Scrolls
 c - a scroll of vulnerability {unknown}
 d - a scroll of identify {unknown}
Potions
 b - a potion of lignification
 e - 2 potions of heal wounds {unknown}


   Skills:
 + Level 1.0 Fighting
 + Level 1.5 Dodging
 + Level 3.0 Unarmed Combat
 + Level 2.0 Spellcasting
 + Level 2.0 Transmutations


You had 3 spell levels left.
You knew the following spells:

 Your Spells              Type           Power      Damage    Failure   Level
a - Beastly Appendage     Tmut           12%        N/A       11%         1

Your spell library contained the following spells:

 Spells                   Type           Power      Damage    Failure   Level
 Wereblood                Tmut           6%         N/A       17%         2
 Spider Form              Tmut/Pois      3%         N/A       45%         3
 Ice Form                 Ice/Tmut       3%         N/A       86%         4


Dungeon Overview and Level Annotations

Branches:
Dungeon (1/15)

Altars:

Annotations:
D:1 1 runed translucent door


Innate Abilities, Weirdness & Mutations

Your serpentine skin is tough. (AC +0)
You have supernaturally acute eyesight. (SInv)
Armour fits poorly on your strangely shaped body.
Your system is resistant to poisons. (rPois)
You cover ground very slowly.
You can spit poison.
You have a snake-like lower body.


Message History

Found 4 stones.
d - a scroll labelled VION COQUSKEO
e - 2 inky potions No target in view!
A frilled lizard comes into view.
A frilled lizard is nearby!
An endoplasm comes into view.
You see here 4 stones.
You see here a coppery potion.
You grow a pair of large bovine horns.
Your transformation is almost over.
The frilled lizard hisses angrily.
You hear a shout!
A hobgoblin comes into view.
The hobgoblin moves out of view.
The endoplasm quivers.
The frilled lizard bites you.
You barely miss the frilled lizard.
Your headbutt misses the frilled lizard.
The frilled lizard bites you.
You barely miss the frilled lizard.
Your headbutt misses the frilled lizard.
The frilled lizard closely misses you.
You barely miss the frilled lizard. The frilled lizard closely misses you.
You barely miss the hobgoblin. The hobgoblin hits you.
The frilled lizard unfolds its giant frill.
The frilled lizard bites you.
You hit the hobgoblin but do no damage. Your headbutt misses the hobgoblin.
The hobgoblin completely misses you. The frilled lizard bites you.
You are too injured to fight recklessly!
You are too injured to fight recklessly!
The frilled lizard attacks as you move away!
The frilled lizard bites you.
* * * LOW HITPOINT WARNING * * *
The hobgoblin barely misses you.
The frilled lizard attacks as you move away!
The frilled lizard bites you.
* * * LOW HITPOINT WARNING * * *
Your horns disappear.
The frilled lizard bites you.
You die...

#..#......<......#
#..+⌠....###....⌠+.#
#..#.............#.# #
...#######+#######.. .#
...#J..JhhhrrJJB.#.## ...
...#.J..JBJrBBJ..#..##..#
#..#.....J.......#.....
#..###############..#
...............(@gJ.#
##(..##..###...#.l.....#
....###.####...####.####
.....#...............#
#..................#...
.....................###
........####...#####.#
.......## #...# ^#
#.....## #...#


You could see an endoplasm, a hobgoblin and a frilled lizard.

Vanquished Creatures
  A giant cockroach (D:1)
  A rat (D:1)
2 creatures vanquished.

Notes
Turn   | Place    | Note
-------+----------+-------------------------------------------
     0 | D:1      | qeuew the Naga Transmuter began the quest for the Orb.
     0 | D:1      | Reached XP level 1. HP: 18/18 MP: 3/3
     1 | D:1      | Found a runed translucent door.
   165 | D:1      | Slain by a frilled lizard

Illustrated notes

Levels and vault maps discovered:
D:1:      dpeg_arrival_caged_fury, layout_loops_cross, serial_shops,
          nicolae_shop_advertising_works [nicolae_subvault_shop_adworks]

Action                   || total
-------------------------++-------
Melee: Unarmed           ||    16
       Headbutt          ||     2
 Cast: Beastly Appendage ||     3
Armor: Robe              ||     6
Dodge: Dodged            ||     7
